 Dungeon Crawl Stone Soup version 0.23.2-33-g5129a83184 (webtiles) character file.

Game seed: 3619410050701832856

5107 Folque the Destroyer (level 10, -1/71 HPs)
             Began as a Demigod Conjurer on July 15, 2019.
             Slain by a two-headed ogre
             ... wielding a +0 giant club
              (3 damage)
             ... on level 11 of the Dungeon.
             The game lasted 00:29:12 (9088 turns).

Folque the Destroyer (Demigod Conjurer)             Turns: 9088, Time: 00:29:13

Health: -1/71      AC: 10    Str: 13    XL:     10   Next: 11%
Magic:  7/18       EV: 11    Int: 23    God:
Gold:   476        SH:  0    Dex: 16    Spells: 1/15 levels left

rFire    . . .     SeeInvis .   M - +1 spear (pierce)
rCold    . . .     Gourm    .   (no shield)
rNeg     . . .     Faith    .   g - +0 ring mail
rPois    +         Spirit   .   B - +2 helmet
rElec    .         Reflect  .   q - +0 cloak {rPois}
rCorr    .         Harm     .   (no gloves)
MR       +....                  (no boots)
Stlth    +.........             (no amulet)
HPRegen  0.21/turn              (no ring)
MPRegen  0.16/turn              (no ring)

@: very slightly contaminated
A: high mp 1
a: no special abilities


You were on level 11 of the Dungeon.
You were very hungry.

You visited 1 branch of the dungeon, and saw 10 of its levels.
You also visited: Sewer.

You collected 476 gold pieces.

Inventory:

Hand Weapons
 e - a +0 dagger
 n - a +0 short sword
 u - a +0 lajatang
 v - a +3 short sword
 H - a +4 flail
 M - a +1 spear of piercing (weapon)
 N - a +2 dagger of protection
Missiles
 E - a throwing net (quivered)
Armour
 a - a +0 robe
 g - a +0 ring mail (worn)
 q - a +0 cloak of poison resistance (worn)
 B - a +2 helmet (worn)
 K - a +2 hat
 R - a +2 leather armour of magic resistance
Jewellery
 l - a +1 ring of evasion {unknown}
 p - a cursed amulet of faith {unknown}
 z - an uncursed amulet of faith {unknown}
 A - a cursed ring of teleportation {unknown}
 F - an uncursed ring of stealth {unknown}
 L - an uncursed ring of stealth {unknown}
Wands
 i - a wand of digging (5)
 D - a wand of scattershot (2)
 T - a wand of random effects (20)
Scrolls
 b - 5 scrolls of teleportation {unknown}
 h - a scroll of remove curse
 j - 5 scrolls of noise
 r - a scroll of magic mapping
 s - 7 scrolls of identify
 x - 2 scrolls of random uselessness
 y - 2 scrolls of enchant weapon {unknown}
 C - a scroll of fog
 G - a scroll of fear {unknown}
 I - a scroll of enchant armour {unknown}
 J - 2 scrolls of immolation {unknown}
 U - 2 scrolls of amnesia
Potions
 d - a potion of agility {unknown}
 f - a potion of magic
 k - 2 potions of mutation
 m - 2 potions of flight
 o - a potion of resistance {unknown}
 t - a potion of curing
 w - 2 potions of degeneration {unknown}
 O - a potion of heal wounds {unknown}
 P - a potion of might {unknown}
 Q - 2 potions of lignification
Comestibles
 c - 24 rations
 S - 5 chunks of flesh


   Skills:
 - Level 1.0 Fighting
 - Level 5.0 Armour
 - Level 1.7 Dodging
 - Level 1.7 Stealth
 - Level 3.0 Spellcasting
 * Level 9.8 Conjurations
 - Level 8.3 Hexes
 + Level 2.4 Translocations


You had one spell level left.
You knew the following spells:

 Your Spells              Type           Power        Failure   Level  Hunger
a - Magic Dart            Conj           ####         1%          1    None
b - Searing Ray           Conj           #####.       1%          2    ##.....
c - Dazzling Spray        Conj/Hex       #####.       1%          3    ###....
d - Fulminant Prism       Conj/Hex       #####.....   5%          4    ####...
e - Force Lance           Conj/Tloc      ####....     19%         4    ####...

Your spell library contained the following spells:

 Spells                   Type           Power        Failure   Level  Hunger
 Confusing Touch          Hex            #####.       1%          1    None
 Apportation              Tloc           ##....       9%          1    None
 Animate Skeleton         Necr           N/A          22%         1    None
 Summon Small Mammal      Summ           #...         22%         1    None
 Iskenderun's Mystic Bla  Conj           #####...     4%          4    ####...


Dungeon Overview and Level Annotations

Branches:
Dungeon (11/15)            Temple (0/1) D:5
   Lair: D:8-11         Orc: D:9-12

Annotations:
D:3 3 runed translucent doors, dvd's ghost, amateur DrTm


Innate Abilities, Weirdness & Mutations

You have an increased reservoir of magic. (+10% MP)


Message History

* * * LOW HITPOINT WARNING * * *
The two-headed ogre hits you but does no damage.
The two-headed ogre hits you with a +0 giant club.
* * * LOW HITPOINT WARNING * * *
Found a curved iron wand and 21 gold pieces.
You see here 21 gold pieces.
The hound barely misses you. The hound bites you.
* * * LOW HITPOINT WARNING * * *
As you read the scroll labeled TIG YMEACH, it crumbles to dust.
You experience a momentary feeling of inescapable doom!
It was a scroll of random uselessness.
The hound barely misses you. The hound bites you.
* * * LOW HITPOINT WARNING * * *
As you read the scroll labeled IKIKOI REUNICK, it crumbles to dust.
It is a scroll of amnesia.
Okay, then.
The hound bites you but does no damage.
The two-headed ogre hits you with a +0 giant club.
You die...

.. #%.###
...#######....#
.............#
........$../.#
####........#
#........#
#.O####### #Oh#
#.@# #..# #..#
#..# ...# ....#
#####


You could see 2 two-headed ogres and a hound.

Vanquished Creatures
  A two-headed ogre (D:8)
  4 hogs (D:7)
  4 yaks (D:7)
  A human (D:7)
  A sky beast (D:5)
  Purgy (Sewer)
  2 orc warriors
  A necrophage (D:8)
  2 phantoms
  2 ogres
  A crocodile (D:8)
  4 centaurs
  5 bullfrogs
  3 scorpions
  6 killer bees
  A howler monkey (D:5)
  A bullfrog zombie (D:5)
  4 crimson imps
  2 hounds
  2 centaur skeletons
  A jelly (D:5)
  3 orc wizards
  Crazy Yiuf (D:2)
  A bullfrog skeleton (D:6)
  4 orc priests
  An iguana (D:8)
  8 worker ants
  A hound zombie (D:8)
  A hound skeleton (D:5)
  11 gnolls
  A howler monkey skeleton (D:7)
  21 adders
  2 adder skeletons
  6 worms
  4 dart slugs
  4 leopard geckos
  19 orcs
  8 giant cockroaches
  6 goblins
  5 hobgoblins
  10 jackals
  7 kobolds
  5 quokkas
  2 ball pythons
  A ball python skeleton (D:4)
  9 bats
  A frilled lizard (D:4)
  A jackal skeleton (D:4)
  A leopard gecko zombie (D:5)
  A quokka zombie (D:6)
  10 rats
  A fulminant prism (D:8)
205 creatures vanquished.

Vanquished Creatures (others)
  26 fulminant prisms
26 creatures vanquished.

Grand Total: 231 creatures vanquished

Notes
Turn   | Place    | Note
-------+----------+-------------------------------------------
     0 | D:1      | Folque the Demigod Conjurer began the quest for the Orb.
     0 | D:1      | Reached XP level 1. HP: 14/14 MP: 5/5
   235 | D:1      | Reached XP level 2. HP: 15/22 MP: 4/7
   248 | D:1      | Learned a level 2 spell: Searing Ray
  1006 | D:2      | Found a sparkling altar of Nemelex Xobeh.
  1030 | D:2      | Reached skill level 1 in Fighting
  1030 | D:2      | Reached skill level 4 in Conjurations
  1083 | D:2      | Reached XP level 3. HP: 16/28 MP: 4/9
  1230 | D:2      | Found a runed translucent door.
  1231 | D:2      | Noticed Crazy Yiuf
  1238 | D:2      | Killed Crazy Yiuf
  1238 | D:2      | Reached XP level 4. HP: 35/35 MP: 2/11
  1253 | D:2      | Learned a level 3 spell: Dazzling Spray
  1824 | D:3      | Found a glowing drain.
  1850 | Sewer    | Entered a sewer
  1909 | Sewer    | Noticed Purgy
  1930 | Sewer    | Killed Purgy
  1930 | Sewer    | Reached skill level 5 in Conjurations
  1930 | Sewer    | Reached skill level 1 in Hexes
  1930 | Sewer    | Reached XP level 5. HP: 15/40 MP: 0/12
  1936 | Sewer    | Learned a level 4 spell: Fulminant Prism
  2201 | D:3      | Found a runed translucent gate.
  2201 | D:3      | Found a runed translucent gate.
  2201 | D:3      | Found a runed translucent gate.
  2201 | D:3      | Noticed dvd's ghost (amateur DrTm)
  2836 | D:4      | Reached XP level 6. HP: 42/47 MP: 8/13
  3246 | D:4      | Found a stormy altar of Qazlal.
  3666 | D:5      | Entered Level 5 of the Dungeon
  3757 | D:5      | Reached XP level 7. HP: 52/52 MP: 9/14
  3800 | D:5      | Reached skill level 6 in Conjurations
  3905 | D:5      | Found a staircase to the Ecumenical Temple.
  3959 | D:5      | Reached skill level 1 in Armour
  4244 | D:5      | Reached skill level 5 in Hexes
  5035 | D:6      | Reached XP level 8. HP: 46/59 MP: 11/15
  5435 | D:6      | Reached skill level 7 in Conjurations
  6583 | D:7      | Reached skill level 8 in Conjurations
  6584 | D:7      | Reached XP level 9. HP: 19/64 MP: 0/16
  6683 | D:7      | Learned a level 4 spell: Force Lance
  7785 | D:8      | Reached skill level 9 in Conjurations
  7895 | D:8      | Reached skill level 5 in Armour
  8120 | D:8      | Reached skill level 1 in Translocations
  8163 | D:8      | Noticed a two-headed ogre
  8375 | D:8      | Killed a two-headed ogre
  8481 | D:8      | Reached XP level 10. HP: 71/71 MP: 13/18
  8942 | D:8      | You fall through a shaft for 2 floors!
  8942 | D:10     | Entered Level 10 of the Dungeon
  9032 | D:10     | Noticed a two-headed ogre
  9073 | D:11     | Noticed a two-headed ogre
  9087 | D:11     | HP: 2/71 [hound (5)]
  9088 | D:11     | Slain by a two-headed ogre

Skill      XL: |  1  2  3  4  5  6  7  8  9 |
---------------+----------------------------+-----
Spellcasting   | 2 3 |  3.0
Fighting       | 1 |  1.0
Conjurations   | 4 5 6 8 9 |  9.8
Hexes          | 1 2 4 5 7 8 |  8.3
Armour         | 2 3 5 |  5.0
Translocations | 2 |  2.4
Dodging        | |  1.7
Stealth        | |  1.7

Action                   |  1- 3 |  4- 6 |  7- 9 | 10-12 || total
-------------------------+-------+-------+-------+-------++-------
Melee: Dagger            |    48 |       |       |       ||    48
       Unarmed           |     1 |       |       |       ||     1
       Short sword       |     2 |   125 |       |       ||   127
       Lajatang          |       |    13 |       |       ||    13
       Flail             |       |     4 |    32 |       ||    36
       Spear             |       |       |   139 |    16 ||   155
Throw: Throwing net      |       |       |     4 |       ||     4
 Cast: Magic Dart        |    16 |     9 |    17 |       ||    42
       Searing Ray       |     6 |    23 |    49 |     9 ||    87
       Dazzling Spray    |       |     3 |     7 |     2 ||    12
       Fulminant Prism   |       |     2 |    23 |     2 ||    27
       Force Lance       |       |       |     1 |     6 ||     7
Evoke: Wand              |       |       |     3 |       ||     3
  Use: Scroll            |     3 |     3 |       |     3 ||     9
       Potion            |       |     1 |     3 |       ||     4
 Stab: Sleeping          |     3 |     4 |     6 |       ||    13
       Invisible         |       |     1 |     2 |       ||     3
       Held in net/web   |       |       |     1 |       ||     1
  Eat: Chunk             |     1 |    10 |    14 |     4 ||    29
       Ration            |       |       |     2 |       ||     2
Armor: Robe              |    13 |    66 |    54 |       ||   133
       Skin              |       |    31 |       |       ||    31
       Ring mail         |       |       |    39 |    14 ||    53
Dodge: Dodged            |    59 |   147 |   178 |    18 ||   402
